 Dungeon Crawl Stone Soup version 0.27-a0-1565-gad902ab807 (webtiles) character file.

Game seed: 4507135152080615919

576 Lanoc the Insei (level 7, -7/51 HPs)
             Began as a Vampire Transmuter on July 16, 2021.
             Killed from afar by Dowan (18 damage)
             ... with a shard of ice
             ... on level 4 of the Dungeon.
             The game lasted 00:04:56 (3644 turns).

Lanoc the Insei (Vampire Transmuter)                Turns: 3644, Time: 00:04:56

Health: -7/51      AC:  2    Str: 10    XL:     7   Next: 12%
Magic:  8/10       EV: 17    Int: 17    God:
Gold:   138        SH:  0    Dex: 14    Spells: 7/10 levels left

rFire    . . .     SeeInvis +     - Unarmed
rCold    . . .     Faith    .   (no shield)
rNeg     . . .     Spirit   .   a - +0 robe
rPois    .         Reflect  .   (helmet currently unavailable)
rElec    .         Harm     .   (no cloak)
rCorr    .         Rampage  .   (no gloves)
Will     .....                  (boots currently unavailable)
Stlth    +.........             (no amulet)
HPRegen  0.37/turn              o - +4 ring of evasion
MPRegen  0.12/turn              (no ring)

@: appendages (expiring), wereblooded, healing quickly
A: horns 2, talons 2, alive, fangs 3, see invisible, vampiric 2
a: Exsanguinate, End Transformation


You were on level 4 of the Dungeon.
You had temporarily grown beastly horns and talons.
You visited 1 branch of the dungeon, and saw 4 of its levels.

You collected 138 gold pieces.

Inventory:

Armour
 a - a +0 robe (worn)
Jewellery
 o - a +4 ring of evasion (left hand)
Wands
 n - a wand of iceblast (7)
Scrolls
 b - a scroll of acquirement {unknown}
 c - a scroll of amnesia {unknown}
 d - a scroll of teleportation {unknown}
 e - 5 scrolls of identify {unknown}
 h - a scroll of enchant armour {unknown}
 l - a scroll of vulnerability {unknown}
Potions
 f - a potion of brilliance {unknown}
 g - 2 potions of attraction {unknown}
 i - a potion of cancellation {unknown}
 j - a potion of curing {unknown}
 k - 2 potions of heal wounds {unknown}
 m - a potion of flight {unknown}


   Skills:
 + Level 2.8 Fighting
 + Level 4.0 Dodging
 * Level 5.8 Unarmed Combat
 - Level 2.0 Spellcasting
 * Level 5.2 Transmutations


You had 7 spell levels left.
You knew the following spells:

 Your Spells              Type           Power      Damage    Failure   Level
g - Wereblood             Tmut           19%        N/A       3%          2
h - Beastly Appendage     Tmut           38%        N/A       2%          1

Your spell library contained the following spells:

 Spells                   Type           Power      Damage    Failure   Level
 Spider Form              Tmut/Pois      5%         N/A       21%         3
 Slow                     Hex            1%         N/A       28%         2
 Confusing Touch          Hex            1%         N/A       50%         3
 Ice Form                 Ice/Tmut       10%        N/A       54%         4
 Yara's Violent Unravell  Hex/Tmut       5%         3d4       88%         5
 Summon Hydra             Summ           0%         N/A       100%        7
 Sublimation of Blood     Necr           Unusable   N/A       N/A         2

Dungeon Overview and Level Annotations

Branches:
Dungeon (4/15)
 Temple: D:4-7

Altars:
Wu Jian

Annotations:
D:4 Dowan


Innate Abilities, Weirdness & Mutations

You have temporarily grown beastly horns and talons.
Your natural rate of healing is accelerated.
You have razor-sharp teeth.
You have supernaturally acute eyesight. (SInv)
You are afflicted with vampirism and can become a bat while bloodless.


Message History

Duvessa is heavily wounded.
Duvessa says, "I don't care about looks, I care about technique!"
Duvessa barely misses you.
You hit Duvessa. Your kick misses Duvessa.
Duvessa is severely wounded.
Duvessa hits you with a +0 rapier.
You barely miss Duvessa.
Duvessa is severely wounded.
Duvessa barely misses you.
You hit Duvessa but do no damage. You claw Duvessa, but do no damage.
You headbutt Duvessa, but do no damage.
Duvessa is severely wounded.
Duvessa hits you with a +0 rapier.
You hit Duvessa.
Duvessa is severely wounded.
Your transformation is almost over.
Duvessa hits you with a +0 rapier.
You barely miss Duvessa. You headbutt Duvessa.
Duvessa is almost dead.
Duvessa misses you.
You hit Duvessa.
Duvessa is almost dead.
You hit Duvessa.
You feel a bit better.
You kill Duvessa!
Dowan seems overcome with grief, but rights himself reflexively soon after.
Dowan seems to find hidden reserves of power!
Dowan hits you with a +0 dagger.
Your Dodging skill increases to level 4!
Your Transmutations skill increases to level 5!
You have reached level 7!
You hit Dowan but do no damage. Dowan closely misses you.
You completely miss Dowan. You punch Dowan.
Dowan is lightly wounded.
Dowan hits you with a +0 dagger.
* * * LOW HITPOINT WARNING * * *
You hit Dowan but do no damage.
Dowan is lightly wounded.
Dowan points at you and mumbles some strange words.
The shard of ice hits you!!
You die...

..............
..........##.# )#
............. #.##
≈≈...##+#..#.. <..#
.⌠...##.#### . ...#
≈≈≈.###.# ...# ....#
#.##### ...#
#.#####'##..######w.###
#.............#?@eg...#
###.......♣P....###.#.#
#.......P..P..# #
#..........♣....#
#............##.#
#............. g#
#.............# #
##########.#### #.#


You could see Dowan (fast), a dart slug and a goblin.

Vanquished Creatures
  A water moccasin (D:2)
  Duvessa (D:4)
  An ogre (D:3)
  A scorpion (D:4)
  A centaur zombie (D:4)
  An orc priest (D:4)
  An iguana (D:4)
  3 adders
  A white imp (D:4)
  2 worms
  3 orcs
  7 ball pythons
  4 bats
  9 endoplasms
  6 giant cockroaches
  8 goblins
  7 hobgoblins
  4 jackals (D:1)
  5 quokkas
  4 frilled lizards
  9 kobolds
  7 rats
86 creatures vanquished.

Notes
Turn   | Place    | Note
-------+----------+-------------------------------------------
     0 | D:1      | Lanoc the Vampire Transmuter began the quest for the Orb.
     0 | D:1      | Reached XP level 1. HP: 14/14 MP: 3/3
    49 | D:1      | Reached skill level 1 in Fighting
   171 | D:1      | Reached XP level 2. HP: 19/21 MP: 3/5
   285 | D:1      | Found a faded altar of an unknown god.
   676 | D:1      | Gained mutation: You are afflicted with vampirism and can
                  | become a bat while bloodless. [Vampire growth]
   676 | D:1      | Reached XP level 3. HP: 19/26 MP: 4/6
   754 | D:1      | Learned a level 2 spell: Wereblood
  1157 | D:2      | Reached XP level 4. HP: 30/32 MP: 5/7
  1846 | D:3      | Noticed an ogre
  1850 | D:3      | Noticed a water moccasin
  1852 | D:3      | Killed an ogre
  1853 | D:3      | Reached XP level 5. HP: 36/38 MP: 4/8
  1861 | D:2      | HP: 2/57 [poisoned by a water moccasin]
  1865 | D:2      | Killed a water moccasin
  1866 | D:2      | Reached skill level 5 in Unarmed Combat
  1866 | D:2      | Reached XP level 6. HP: 5/45 MP: 5/9
  1866 | D:2      | HP: 4/100 [poisoned by a water moccasin]
  3050 | D:4      | Found an ornate altar of the Wu Jian Council.
  3620 | D:4      | Noticed Dowan
  3621 | D:4      | Noticed Duvessa
  3641 | D:4      | Killed Duvessa
  3642 | D:4      | Reached skill level 5 in Transmutations
  3642 | D:4      | Reached XP level 7. HP: 15/51 MP: 8/10
  3644 | D:4      | Killed from afar by Dowan

Illustrated notes

Levels and vault maps discovered:
D:1:      ncdulo_smallfort, layout_loops_ring, basic_ecumenical_altar
D:2:      layout_loops_ring, minmay_misc_feat_cross
D:3:      layout_loops_corners, lightli_corner_chamber
D:4:      layout_basic, mainiacjoe_overflow_cross_hatched, serial_park_tiny_2,
          corexii_leaking_fountain, hangedman_decor_slide_cut, uniq_duvessa

Skill      XL: |  1  2  3  4  5  6 |
---------------+-------------------+-----
Fighting       | 1 2 |  2.8
Transmutations | 3 4 5 |  5.2
Unarmed Combat | 4 5 |  5.8
Dodging        | 3 4 |  4.0
Spellcasting   | |  2.0

Action                   |  1- 3 |  4- 6 |  7- 9 || total
-------------------------+-------+-------+-------++-------
Melee: Unarmed           |   122 |   141 |     3 ||   266
       Bite              |     8 |    11 |       ||    19
       Kick              |    23 |    24 |       ||    47
       Headbutt          |    16 |    19 |       ||    35
       Punch             |     1 |     3 |     1 ||     5
 Cast: Beastly Appendage |    24 |    32 |       ||    56
       Wereblood         |     2 |    15 |       ||    17
  Use: Potion            |       |     2 |       ||     2
 Stab: Sleeping          |       |     2 |       ||     2
Armor: Robe              |    20 |     8 |       ||    28
       Skin              |       |     4 |       ||     4
Dodge: Dodged            |    70 |    92 |     1 ||   163

Table legend: (Time is in decaauts)
 A = Elapsed time spent in this place.
 B = Non-inter-level travel time spent in this place.
 C = Inter-level travel time spent in this place.
 D = Time resting spent in this place.
 E = Time spent auto-exploring this place.
 F = Levels seen in this place.
 G = Mean time per level.
                   A        B        C        D        E       F      G
               +--------+--------+--------+--------+--------+-----+--------+
         Total |   3635 |   3509 |    126 |    193 |   2736 |   4 |  908.8 |
       Dungeon |   3635 |   3509 |    126 |    193 |   2736 |   4 |  908.8 |
               +--------+--------+--------+--------+--------+-----+--------+

Top non-repeatable levels by time:
     D:2: 997 daAuts
     D:1: 975 daAuts
     D:3: 954 daAuts
     D:4: 708 daAuts
